 Dungeon Crawl Stone Soup version 0.31-a0-636-ge1c0e020e0 (webtiles) character file.

Game seed: 15612208962282739986

11938 Essalna the Fighter (level 11, -3/93 HPs)
             Began as a Demonspawn Shapeshifter on Aug 25, 2023.
             Was a Priest of Makhleb.
             Slain by an orc knight
             ... wielding a +0 great mace
              (23 damage)
             ... on level 1 of the Orcish Mines on Aug 26, 2023.
             The game lasted 00:33:02 (11153 turns).

Essalna the Fighter (Demonspawn Shapeshifter)      Turns: 11153, Time: 00:33:02

Health: -3/93      AC: 10    Str: 19    XL:     11   Next: 55%
Magic:  11/11      EV: 12    Int:  9    God:    Makhleb [***...]
Gold:   1705       SH:  0    Dex: 15    Spells: 10/10 levels left

rFire   + .          .
                       - Unarmed
rCold   + . .        (shield currently unavailable)
rNeg    . . .        H - +2 robe {rC+ rF+}
rPois   +            h - +0 helmet
rElec   .            (no cloak)
rCorr   +            (no gloves)
SInv    .            g - +0 pair of boots
Will    +....        y - amulet of the acrobat
Stlth   +            M - ring of willpower
HPRegen 0.35/turn    s - ring of resist corrosion
MPRegen 0.12/turn

%: acrobat
@: flux-form, glowing
A: glow, contaminating, slimy green scales 3, foul stench 1, powered by death 2
a: Begin Untransformation, Renounce Religion, Minor Destruction, Lesser Servant
of Makhleb


You were on level 1 of the Orcish Mines.
You worshipped Makhleb.
Makhleb was most pleased with you.
You were something dangerously unstable.
You visited 3 branches of the dungeon, and saw 14 of its levels.
You also visited: Sewer and Ice Cave.

You collected 1705 gold pieces.

Inventory:

Hand Weapons
 e - a +2 hand axe of electrocution
 x - the +9 whip of Roczump {pain, rN++ Str-2 Int+4 SInv}
   (You found it on level 4 of the Dungeon)

   Str-2:     It affects your strength (-2).
   Int+4:     It affects your intelligence (+4).
   rN++:      It greatly protects you from negative energy.
   SInv:      It lets you see invisible.
Missiles
 F - a curare-tipped dart
 L - 2 throwing nets
Armour
 a - a +0 animal skin
 g - a +0 pair of boots (worn)
 h - a +0 helmet (worn)
 p - a +2 tower shield of cold resistance
 H - a +2 robe of resistance (worn)
Jewellery
 i - a ring of see invisible
 j - an amulet of magic regeneration
 o - a ring of positive energy
 s - a ring of resist corrosion (right hand)
 y - an amulet of the acrobat (around neck)
 z - a ring of fire
 M - a ring of willpower (left hand)
Talismans
 c - a beast talisman
 d - a flux talisman (active)
Wands
 l - a wand of polymorph (9)
 I - a wand of quicksilver (8)
 K - a wand of iceblast (14)
Scrolls
 f - 3 scrolls of immolation
 k - 4 scrolls of torment
 u - 2 scrolls of identify
 A - 2 scrolls of silence
 B - 2 scrolls of enchant weapon {unknown}
 C - a scroll of fear {unknown}
 E - a scroll of teleportation
 G - 2 scrolls of enchant armour
Potions
 b - 2 potions of lignification
 n - 3 potions of brilliance
 q - 2 potions of cancellation
 r - 2 potions of degeneration
 t - 4 potions of mutation
 v - 2 potions of magic {unknown}
 w - 3 potions of curing {unknown}
 D - a potion of resistance {unknown}


   Skills:
 + Level 11.0 Fighting
 - Level 1.7 Dodging
 + Level 10.2 Unarmed Combat
 + Level 9.5 Shapeshifting


You had 10 spell levels left.
You didn't know any spells.
Your spell library contained the following spells:

 Spells                   Type           Power      Damage    Failure   Level
 Apportation              Tloc           0%         N/A       38%         1
 Sandblast                Erth           0%         2d4       38%         1
 Passwall                 Tmut/Erth      0%         N/A       52%         2
 Static Discharge         Conj/Air       0%         2-2/arc   52%         2
 Hailstorm                Conj/Ice       0%         3d3       77%         3
 Stone Arrow              Conj/Erth      0%         3d7       77%         3
 Airstrike                Air            0%         2d(0-16)  99%         4
 Summon Ice Beast         Ice/Summ       0%         N/A       99%         4
 Summon Lightning Spire   Summ/Air       0%         N/A       99%         4
 Alistair's Intoxication  Tmut/Pois      0%         N/A       100%        5
 Simulacrum               Ice/Necr       0%         N/A       100%        6


Dungeon Overview and Level Annotations

Branches:
Dungeon (11/15)            Temple (1/1) D:6             Orc (2/2) D:11
  Sewer (visited)           IceCv (visited)
   Lair: D:8-11         Elf: Orc:2

Altars:
Ashenzari
Cheibriados
Dithmenos
Fedhas
Gozag
Hepliaklqana
Kikubaaqudgha
Makhleb
Nemelex Xobeh
Okawaru
Qazlal
Ru
Sif Muna
Trog
Uskayaw
Vehumet
Wu Jian
Xom
Yredelemnul

Annotations:
D:6 2 transporters, tensugalgo's ghost, novice HuSh
D:9 Maggie


Innate Abilities, Weirdness & Mutations

You are something dangerously unstable.
You glow with magical radiation, making you easy to see and hit.
Foes you strike become dangerously contaminated with magical radiation.
You are incapable of wielding weapons or throwing items.
You are completely covered in slimy green scales. (AC +4, rPois)
You may rarely emit foul miasma when damaged in melee.
You regenerate health from kills.


Message History

You emit a cloud of foul miasma!
You climb downwards.
The orc shouts! x10; You hear two shouts!
There is a stone staircase leading up here.
The troll bites you! The troll closely misses you. The troll misses you.
The orc hits you but does no damage.
You climb upwards.
The orc warrior hits you from afar with a +0 halberd!!
* * * LOW HITPOINT WARNING * * *
There is a stone staircase leading down, spattered with blood here.
Okay, then.
You feel much better. The troll barely misses you. The troll claws you!
The troll closely misses you. The orc closely misses you.
The orc warrior closely misses you. The orc completely misses you.
The orc warrior attacks as it pursues you!
The orc warrior closely misses you.
The orc knight attacks as it pursues you!
The orc knight hits you with a +0 great mace!!
* * * LOW HITPOINT WARNING * * *
The orc attacks as it pursues you! The orc barely misses you.
The orc warrior attacks as it pursues you!
The orc warrior misses you. The troll attacks as it pursues you!
The troll misses you. The troll completely misses you. The troll claws you!
* * * LOW HITPOINT WARNING * * *
You feel much better. The troll completely misses you.
The troll barely misses you. The troll claws you but does no damage.
The orc hits you but does no damage.
The orc knight hits you with a +0 great mace.
* * * LOW HITPOINT WARNING * * *
The orc warrior hits you from afar with a +0 halberd!!
* * * LOW HITPOINT WARNING * * *
The orc attacks as it pursues you! The orc completely misses you.
You feel much better. The troll barely misses you.
The troll claws you but does no damage. x2
The orc hits you with a +0 hand axe.
* * * LOW HITPOINT WARNING * * *
The orc knight hits you with a +0 great mace!!
You die...

##....###...#### ######
##......#.......## )##..##
##...)....#.......### ).....#
##.#.##..............# .....>#
#....#................ ).##.##
##.........)....#....# #.#.####
##..#....[)........## .......##
###.o....)........## ..#.....##
##.BTo.>............
.........#####...o...............
........#.##.....................
..._........[...................#
........#....###.##..............
........##...# ####..............
######.####.## ##............# #
### ### .............. ##
....#..#..o


You could see an orc knight, a troll, an orc warrior (strong) and an orc
(strong).

Vanquished Creatures
  A white draconian (IceCv)
  2 two-headed ogres
  Lodul (D:10)
  The ghost of Seven7 the Trooper, a novice MiFi of Gozag (D:5)
  2 ice statues (IceCv)
  4 rime drakes (IceCv)
  A kobold demonologist (D:9)
  2 hornets (D:9)
  Sigmund (D:6)
  5 yaks (D:9)
  2 vampires
  3 wyverns
  A wraith (D:11)
  4 steam dragons
  A water moccasin (D:5)
  5 orc warriors
  A black bear (D:4)
  2 sky beasts
  An ice beast (D:5)
  9 ogres
  2 centaurs (D:9)
  3 kobold brigands
  5 bullfrogs
  A scorpion (D:6)
  A gnoll sergeant (D:7)
  7 wights
  5 killer bees
  3 lindwurm simulacra (IceCv)
  4 howler monkeys
  7 komodo dragon simulacra (IceCv)
  3 bullfrog zombies (D:5)
  4 hounds
  A gnoll bouda (D:6)
  5 orc priests
  2 jellies
  2 sleepcaps
  10 orc wizards
  A killer bee zombie (D:5)
  10 gnolls
  5 acid dragon simulacra (IceCv)
  10 adders
  A river rat (Sewer)
  A shadow imp (D:5)
  2 white imps (D:6)
  2 ufetubi
  6 steam dragon simulacra (IceCv)
  5 worms
  A dart slug (D:5)
  52 orcs
  5 bats
  7 endoplasms
  2 giant cockroaches
  10 goblins
  10 hobgoblins
  4 jackals (D:4)
  5 quokkas
  7 ball pythons
  22 kobolds
  5 rats
287 creatures vanquished.

Vanquished Creatures (others)
  A centaur (D:9)
1 creature vanquished.

Grand Total: 288 creatures vanquished

Notes
Turn   | Place    | Note
-------+----------+-------------------------------------------
     0 | D:1      | Essalna the Demonspawn Shapeshifter began the quest for the
                  | Orb.
     0 | D:1      | Reached XP level 1. HP: 15/15 MP: 1/1
   574 | D:1      | Gained mutation: You are partially covered in slimy green
                  | scales. (AC +2) [demonic ancestry]
   574 | D:1      | Reached XP level 2. HP: 21/21 MP: 2/2
   619 | D:1      | Found a faded altar of an unknown god.
  1158 | D:2      | Reached skill level 2 in Fighting
  1158 | D:2      | Gained mutation: You may rarely emit foul miasma when
                  | damaged in melee. [demonic ancestry]
  1158 | D:2      | Reached XP level 3. HP: 27/27 MP: 3/3
  1738 | D:3      | Gained mutation: You regenerate a little health from kills.
                  | [demonic ancestry]
  1738 | D:3      | Reached XP level 4. HP: 32/34 MP: 4/4
  2046 | D:3      | Gained mutation: You are mostly covered in slimy green
                  | scales. (AC +3) [demonic ancestry]
  2046 | D:3      | Reached XP level 5. HP: 40/40 MP: 5/5
  2376 | D:4      | Reached skill level 3 in Fighting
  2445 | D:4      | Noticed an ogre
  2450 | D:4      | Killed an ogre
  2479 | D:4      | Gained mutation: You regenerate health from kills. [demonic
                  | ancestry]
  2479 | D:4      | Reached XP level 6. HP: 47/47 MP: 6/6
  2517 | D:4      | Identified the +9 whip of Roczump {pain, rN++ Str-2 Int+4
                  | SInv}
  2675 | D:4      | Reached skill level 4 in Fighting
  2933 | D:5      | Entered Level 5 of the Dungeon
  3124 | D:5      | Reached XP level 7. HP: 28/55 MP: 7/7
  3204 | D:5      | Found a runed translucent gate.
  3204 | D:5      | Found a runed translucent gate.
  3204 | D:5      | Found a runed translucent gate.
  3204 | D:5      | Noticed Seven7's ghost (novice MiFi)
  3219 | D:5      | Reached skill level 5 in Unarmed Combat
  3332 | D:5      | Reached skill level 5 in Fighting
  3356 | D:5      | Reached skill level 5 in Shapeshifting
  3612 | D:5      | Killed Seven7's ghost
  3613 | D:5      | Reached XP level 8. HP: 28/64 MP: 8/8
  3631 | D:5      | Reached skill level 6 in Fighting
  3734 | D:6      | Found a staircase to the Ecumenical Temple.
  3757 | Temple   | Entered the Ecumenical Temple
  3864 | D:6      | Found a glowing drain.
  3873 | Sewer    | Entered a sewer
  4359 | D:6      | Found a transporter.
  4392 | D:6      | Noticed tensugalgo's ghost (novice HuSh)
  4695 | D:6      | Found a transporter.
  4710 | D:6      | Noticed Sigmund
  4723 | D:6      | Killed Sigmund
  4724 | D:6      | Upgraded the game from 0.31-a0-627-gd65175cf8b to
                  | 0.31-a0-636-ge1c0e020e0
  4724 | D:6      | Reached XP level 9. HP: 60/71 MP: 9/9
  4963 | D:7      | Reached skill level 7 in Fighting
  5019 | D:7      | Identified the +5 spear of Annoyance {heavy, rF+ rC+ Dex+2
                  | Stlth+}
  5796 | D:7      | Found a burning altar of Makhleb.
  5843 | D:7      | Became a worshipper of Makhleb the Destroyer
  6387 | D:8      | Reached skill level 8 in Fighting
  6726 | D:9      | Noticed a kobold demonologist
  6738 | D:9      | Killed a kobold demonologist
  6746 | D:9      | Identified the +0 leather armour of the Apple {Int+4}
  7037 | D:8      | Reached * piety under Makhleb
  7073 | D:8      | Noticed a two-headed ogre
  7081 | D:8      | Killed a two-headed ogre
  7082 | D:8      | Gained mutation: You are completely covered in slimy green
                  | scales. (AC +4, rPois) [demonic ancestry]
  7082 | D:8      | Reached XP level 10. HP: 59/82 MP: 10/10
  7281 | D:8      | Found a shimmering altar of Xom.
  7288 | D:8      | Found a hide-covered altar of Uskayaw.
  7290 | D:8      | Found a sparkling altar of Nemelex Xobeh.
  7292 | D:8      | Found a sacrificial altar of Ru.
  7602 | D:9      | Reached skill level 9 in Fighting
  7844 | D:9      | Noticed Maggie
  8355 | D:10     | Entered Level 10 of the Dungeon
  8390 | D:10     | Noticed Lodul
  8397 | D:10     | HP: 2/85 [Lodul/bolt of lightning (19)]
  8540 | D:10     | Killed Lodul
  8541 | D:10     | Reached skill level 10 in Fighting
  8541 | D:10     | Reached XP level 11. HP: 29/90 MP: 11/11
  8740 | D:11     | Reached ** piety under Makhleb
  8908 | D:11     | Found a frozen archway.
  8918 | IceCv    | Entered an ice cave
  9828 | IceCv    | Noticed a white draconian
  9861 | IceCv    | Killed a white draconian
 10080 | IceCv    | Reached skill level 10 in Unarmed Combat
 10583 | D:11     | Reached *** piety under Makhleb
 10614 | D:11     | Found a staircase to the Orcish Mines.
 10721 | Orc:1    | Entered Level 1 of the Orcish Mines
 11053 | Orc:1    | Noticed a two-headed ogre
 11063 | Orc:1    | Killed a two-headed ogre
 11103 | Orc:1    | Reached skill level 11 in Fighting
 11123 | Orc:1    | Noticed an orc knight
 11144 | Orc:2    | Entered Level 2 of the Orcish Mines
 11153 | Orc:1    | Slain by an orc knight

Illustrated notes

Levels and vault maps discovered:
D:1:      minmay_arrival_four_loops, layout_loops_corners,
          shapermc_ecumenical_altar_hornbeckon, nrook_mini_backslash
D:2:      layout_rooms
D:3:      layout_rooms
D:4:      layout_basic
D:5:      layout_basic, gammafunk_ghost_necromancy, nrook_uturn
D:6:      layout_gridville, minmay_temple_entry_gardened_gates,
          gammafunk_ghost_stat_death, portal_sewer_entry_d, uniq_sigmund
D:7:      layout_loops_cross, lemuel_coloured_pillars_altar
D:8:      layout_cave_pools, chequers_temple_overflow_minitemple
D:9:      layout_gridville, onia_ninara_cookie, uniq_maggie
D:10:     layout_roguey [special_room_orc], due_lair_maze_entry_diamond,
          serial_curves, eino_curves_02, eino_curves_01, serial_shops, shop,
          shop, shop, uniq_lodul, uniq_nergalle
D:11:     layout_rooms, hiddenorc2_lemuel, portal_ice_cave_entry_pillars_2,
          hangedman_decor_growths
Temple:   nicolae_temple_x_marks_the_god
Orc:1:    layout_caves, basic_altar
Orc:2:    pubby_orc_utopia

Skill      XL: |  1  2  3  4  5  6  7  8  9 10 11 |
---------------+----------------------------------+-----
Unarmed Combat | 3 4 5 6 8 9 10 | 10.2
Shapeshifting  | 3 4 5 6 7 8 9 |  9.5
Fighting       | 2 3 4 5 6 8 10 11 | 11.0
Dodging        | |  1.7

Action                     |  1- 3 |  4- 6 |  7- 9 | 10-12 || total
---------------------------+-------+-------+-------+-------++-------
  Melee: Hand axe          |    78 |    66 |       |       ||   144
         Punch             |       |     2 |    16 |     6 ||    24
         Whip              |       |    36 |   201 |       ||   237
         Unarmed           |       |       |   123 |   418 ||   541
  Evoke: Wand              |       |       |     9 |    15 ||    24
    Use: Potion            |       |       |     1 |     8 ||     9
         Scroll            |       |       |    14 |     4 ||    18
   Stab: Sleeping          |     2 |       |     2 |       ||     4
         Invisible         |       |       |       |     5 ||     5
         Distracted        |       |       |       |     1 ||     1
 Armour: Animal skin       |    17 |    31 |    29 |       ||    77
         Skin              |       |       |    18 |       ||    18
         Robe              |       |       |    29 |   150 ||   179
  Dodge: Dodged            |    52 |    88 |   172 |   289 ||   601
   Form: Flux              |       |       |       |     1 ||     1

Table legend: (Time is in decaauts)
 A = Elapsed time spent in this place.
 B = Non-inter-level travel time spent in this place.
 C = Inter-level travel time spent in this place.
 D = Time resting spent in this place.
 E = Time spent auto-exploring this place.
 F = Levels seen in this place.
 G = Mean time per level.
                   A        B        C        D        E       F      G
               +--------+--------+--------+--------+--------+-----+--------+
         Total |  11222 |  10752 |    470 |    405 |   7813 |  16 |  701.4 |
       Dungeon |   8968 |   8498 |    470 |    405 |   6274 |  11 |  815.3 |
        Temple |      3 |      3 |      0 |      0 |      0 |   1 |    3.0 |
  Orcish Mines |    303 |    303 |      0 |      0 |    197 |   2 |  151.5 |
         Sewer |    510 |    510 |      0 |      0 |    337 |   1 |  510.0 |
      Ice Cave |   1435 |   1435 |      0 |      0 |   1004 |   1 | 1435.0 |
               +--------+--------+--------+--------+--------+-----+--------+

Top non-repeatable levels by time:
     D:9: 1462 daAuts
   IceCv: 1435 daAuts
     D:7: 1318 daAuts
     D:1: 1091 daAuts
     D:5: 802 daAuts
     D:6: 795 daAuts
     D:4: 746 daAuts
     D:8: 708 daAuts
     D:2: 669 daAuts
    D:11: 638 daAuts
   Sewer: 510 daAuts
     D:3: 473 daAuts
   Orc:1: 302 daAuts
    D:10: 259 daAuts
  Temple: 3 daAuts
